 Dungeon Crawl Stone Soup version 0.27.0-1-g7a089689b8 (webtiles) character file.

Game seed: 2878324082661823267

1157 night the Stinger (level 8, -2/49 HPs)
             Began as a Gargoyle Venom Mage on Aug 2, 2021.
             Was an Initiate of Gozag.
             Killed from afar by an acid dragon (3 damage)
             ... with a splash of acid
             ... on level 5 of the Dungeon.
             The game lasted 00:13:53 (6598 turns).

night the Stinger (Gargoyle Venom Mage)             Turns: 6598, Time: 00:13:53

Health: -2/49      AC: 11    Str: 20    XL:     8   Next: 39%
Magic:  16/16      EV: 11    Int: 18    God:    Gozag
Gold:   258        SH:  0    Dex: 10    Spells: 8/18 levels left

rFire    . . .     SeeInvis .   p - +4 mace "Huloupoock" {vorpal, *Rage rPois rN+ Str+2}
rCold    . . .     Faith    .   (no shield)
rNeg     + + .     Spirit   .   j - +0 robe
rPois    ∞         Reflect  .   (no helmet)
rElec    +         Harm     .   g - +1 cloak
rCorr    .         Rampage  .   r - +1 pair of gloves
Will     .....     Rnd*Rage +   (no boots)
Stlth    ++........             e - amulet of magic regeneration
HPRegen  0.16/turn              u - +6 ring of strength
MPRegen  0.40/turn              (no ring)

@: very slightly contaminated, hasted, invisible, very quick
A: sickness immunity, AC +5, negative energy resistance 1, electricity
resistance, torment resistance 1, petrification resistance
a: Renounce Religion, Potion Petition, Call Merchant, Bribe Branch


You were on level 5 of the Dungeon.
You worshipped Gozag.
Gozag was aware of your devotion.
You visited 2 branches of the dungeon, and saw 6 of its levels.

You collected 307 gold pieces.
You paid 49 gold pieces to Gozag.

Inventory:

Hand Weapons
 a - a +2 dagger of venom
 b - a +2 whip of holy wrath
 c - a +0 dagger
 p - the +4 mace "Huloupoock" (weapon) {vorpal, *Rage rPois rN+ Str+2}
   (You took it off a goblin on level 4 of the Dungeon)

   It inflicts extra damage upon your enemies.
   Str:       It affects your strength (+2).
   rPois:     It protects you from poison.
   rN:        It protects you from negative energy.
   *Rage:     It may make you go berserk in combat.
 q - a +3 whip
Missiles
 i - 95 arrows
 l - 22 bolts
 n - 81 stones
 o - 28 poisoned darts
Armour
 g - a +1 cloak (worn)
 j - a +0 robe (worn)
 r - a +1 pair of gloves (worn)
Jewellery
 e - an amulet of magic regeneration (around neck)
 t - an amulet of guardian spirit
 u - a +6 ring of strength (left hand)
Wands
 v - a wand of polymorph (4)
Scrolls
 d - a scroll of holy word {unknown}
 f - a scroll of silence
 k - 8 scrolls of identify
 s - a scroll of vulnerability {unknown}
 x - a scroll of torment {unknown}
 y - a scroll of teleportation
 z - a scroll of enchant armour
Potions
 h - a potion of invisibility
 m - a potion of flight
 w - a potion of brilliance


   Skills:
 + Level 5.1 Fighting
 - Level 1.5 Dodging
 - Level 2.1 Stealth
 + Level 5.7 Spellcasting
 - Level 0.7 Transmutations
 + Level 6.6 Poison Magic


You had 8 spell levels left.
You knew the following spells:

 Your Spells              Type           Power      Damage    Failure   Level
a - Sting                 Tmut/Pois      72%        1d6       2%          1
b - Poisonous Vapours     Pois/Air       34%        N/A       4%          2
c - Mephitic Cloud        Conj/Pois/Air  13%        N/A       16%         3
d - Olgreb's Toxic Radia  Pois           29%        N/A       8%          4

Your spell library contained the following spells:

 Spells                   Type           Power      Damage    Failure   Level
 Slow                     Hex            5%         N/A       19%         2
 Confusing Touch          Hex            5%         N/A       36%         3
 Petrify                  Tmut/Erth      6%         N/A       71%         4
 Yara's Violent Unravell  Hex/Tmut       3%         3d4       96%         5
 Metabolic Englaciation   Hex/Ice        2%         N/A       98%         5
 Statue Form              Tmut/Erth      Unusable   N/A       N/A         6

Dungeon Overview and Level Annotations

Branches:
Dungeon (5/15)             Temple (1/1) D:4

Altars:
Ashenzari
Cheibriados
Gozag
Hepliaklqana
Kikubaaqudgha
Nemelex Xobeh
Qazlal
Ru
Sif Muna
Trog
Vehumet
Wu Jian
Xom
Yredelemnul
Zin
Lugonu


Innate Abilities, Weirdness & Mutations

You are immune to sickness and miasma.
Your stone body is resilient. (AC +5)
You are immune to poison.
You resist negative energy. (rN+)
You are resistant to electric shocks. (rElec)
You are resistant to unholy torment.
You are immune to petrification.


Message History

The goblin shouts!
The kobold shouts!
The goblin moves out of view.
Found a bloodstained altar of Trog.
A wyvern comes into view.
The wyvern hisses angrily.
The goblin hits you but does no damage.
The kobold hits you with a +0 antimagic club.
You sock the goblin!
You kill the goblin!
The kobold closely misses you.
The wyvern bites you but does no damage.
The kobold misses you.
You closely miss the wyvern. The wyvern bites you!
The wyvern bites you but does no damage.
The wyvern bites you! The kobold closely misses you. The wyvern bites you.
* * * LOW HITPOINT WARNING * * *
Aiming: Polymorph
Press: ? - help, Shift-Dir - straight line, f - wyvern
Aim: a wyvern (will become a tengu, an acid dragon, or a killer bee, chance to affect: 46%)
The wyvern resists with some effort.
The wyvern barely misses you. The wyvern bites you.
* * * LOW HITPOINT WARNING * * *
Aiming: Polymorph
Press: ? - help, Shift-Dir - straight line, f/p - wyvern
Aim: a wyvern (will become a tengu, an acid dragon, or a killer bee, chance to affect: 46%)
The wyvern evaporates and reforms as an acid dragon!
The acid dragon closely misses you.
The acid dragon claws you but does no damage.
It was a potion of haste.
You feel yourself speed up. The acid dragon bites you!
* * * LOW HITPOINT WARNING * * *
The acid dragon claws you but does no damage.
You fade into invisibility!
You are very lightly contaminated with residual magic.
The acid dragon spits acid at something.
The splash of acid hits you.
You die...
Your body crumbles into a pile of gold.

### ### #####.. ##.#####
###......
#......###........
##................#
##.................#
..######..@..............##
..........#####..........#
........D##...##........##
...#####K#.8...##.......# .
#K..$....#.......#
#......_.#.......##
#..(.....#........#
###.8...##........##
##...##...........


You could see an acid dragon (catching breath) and a kobold.

Vanquished Creatures
  Prince Ribbit (D:5)
  2 black bears
  2 phantoms
  2 scorpions (D:5)
  A wyvern skeleton (D:5)
  A water moccasin skeleton (D:4)
  A hound (D:4)
  2 jellies (D:4)
  2 orc priests
  2 iguanas
  2 orc wizards (D:2)
  A hound skeleton (D:5)
  3 adders (D:3)
  A white imp (D:4)
  3 ufetubi
  4 dart slugs
  7 orcs
  5 endoplasms
  3 giant cockroaches
  14 goblins
  12 hobgoblins
  2 jackals (D:1)
  11 kobolds
  4 quokkas
  7 ball pythons
  4 bats
  A frilled lizard (D:3)
  6 rats
106 creatures vanquished.

Notes
Turn   | Place    | Note
-------+----------+-------------------------------------------
     0 | D:1      | night the Gargoyle Venom Mage began the quest for the Orb.
     0 | D:1      | Reached XP level 1. HP: 10/10 MP: 3/3
   366 | D:1      | Reached XP level 2. HP: 15/15 MP: 3/5
   413 | D:1      | Learned a level 2 spell: Poisonous Vapours
  1036 | D:1      | Reached XP level 3. HP: 19/19 MP: 2/6
  1801 | D:2      | Found a faded altar of an unknown god.
  2252 | D:2      | Reached skill level 4 in Poison Magic
  2252 | D:2      | Reached XP level 4. HP: 17/24 MP: 3/8
  2336 | D:2      | Learned a level 3 spell: Mephitic Cloud
  2444 | D:2      | Reached XP level 5. HP: 16/28 MP: 4/10
  2452 | D:2      | Learned a level 4 spell: Olgreb's Toxic Radiance
  3315 | D:3      | Found a sacrificial altar of Ru.
  3384 | D:3      | Found a basalt altar of Yredelemnul.
  3514 | D:3      | Reached skill level 1 in Fighting
  3547 | D:3      | Found a radiant altar of Vehumet.
  3952 | D:4      | Reached XP level 6. HP: 24/34 MP: 11/11
  4260 | D:4      | Reached skill level 2 in Fighting
  4260 | D:4      | Reached skill level 5 in Poison Magic
  4442 | D:4      | Noticed a black bear
  4453 | D:4      | Killed a black bear
  4454 | D:4      | Reached XP level 7. HP: 34/40 MP: 10/13
  4467 | D:4      | HP: 6/40 [phantom (7)]
  4478 | D:4      | HP: 4/40 [phantom (8)]
  4509 | D:4      | HP: 9/60 [phantom (3)]
  4707 | D:4      | Identified the +4 mace "Huloupoock" {vorpal, *Rage rPois
                  | rN+ Str+2}
  4908 | D:4      | Found a staircase to the Ecumenical Temple.
  4928 | Temple   | Entered the Ecumenical Temple
  4976 | Temple   | Became a worshipper of Gozag Ym Sagoz the Greedy
  5552 | D:5      | Entered Level 5 of the Dungeon
  5623 | D:5      | Noticed Prince Ribbit
  5631 | D:5      | Reached skill level 5 in Spellcasting
  5639 | D:5      | Killed Prince Ribbit
  5640 | D:5      | Reached skill level 6 in Poison Magic
  5640 | D:5      | Reached XP level 8. HP: 48/48 MP: 13/16
  6064 | D:5      | Reached skill level 5 in Fighting
  6420 | D:5      | Found a shimmering altar of Xom.
  6459 | D:5      | Found an ornate altar of the Wu Jian Council.
  6585 | D:5      | Found a bloodstained altar of Trog.
  6586 | D:5      | Noticed a wyvern
  6594 | D:5      | a wyvern changed into an acid dragon
  6595 | D:5      | HP: 1/49 [acid dragon (11)]
  6598 | D:5      | Killed from afar by an acid dragon

Illustrated notes

Levels and vault maps discovered:
D:1:      heliophobic_arrival_glass_houses, layout_basic, minmay_tetromino_l2
D:2:      layout_basic, ebering_ecumenical_altar_abandoned, minmay_distorted
D:3:      layout_basic, lemuel_coloured_pillars_altar, lemuel_tele_altar,
          mainiacjoe_overflow_tiny_flanked
D:4:      corexii_shack_village, layout_loops_ring, minmay_temple_entry_tees
D:5:      layout_layer_cave, mainiacjoe_overflow_alcove_2, trog_antimagical,
          mainiacjoe_overflow_alcove_1, old_standard_altar, uniq_prince_ribbit1
Temple:   corrupted_temple

Skill      XL: |  1  2  3  4  5  6  7  8 |
---------------+-------------------------+-----
Spellcasting   | 3 4 5 |  5.7
Poison Magic   | 4 5 6 |  6.6
Fighting       | 1 2 4 5 |  5.1
Dodging        | |  1.5
Stealth        | |  2.1
Transmutations | |  0.7

Action                   |  1- 3 |  4- 6 |  7- 9 || total
-------------------------+-------+-------+-------++-------
Melee: Dagger            |    37 |    47 |    23 ||   107
       Whip              |       |     5 |    34 ||    39
       Mace              |       |       |    27 ||    27
 Cast: Sting             |    36 |     9 |     1 ||    46
       Poisonous Vapours |    17 |    23 |     6 ||    46
       Olgreb's Toxic Ra |       |     2 |     4 ||     6
Evoke: Wand              |       |       |     2 ||     2
  Use: Scroll            |     5 |     1 |       ||     6
       Potion            |       |       |     6 ||     6
 Stab: Sleeping          |     5 |     3 |     1 ||     9
Armor: Robe              |    24 |    31 |    32 ||    87
       Skin              |       |       |    21 ||    21
Dodge: Dodged            |    29 |    25 |    41 ||    95
